 Dungeon Crawl Stone Soup version 0.26.0-18-gc5c842f807 (webtiles) character file.

Game seed: 15698739724555046563

53 kaeus the Firebug (level 3, 0/19 HPs)
             Began as a Gargoyle Fire Elementalist on Jan 23, 2021.
             Slain by a frilled lizard (2 damage)
             ... on level 1 of the Dungeon.
             The game lasted 00:01:18 (1773 turns).

kaeus the Firebug (Gargoyle Fire Elementalist)      Turns: 1773, Time: 00:01:18

Health: 0/19       AC:  7    Str: 11    XL:     3   Next: 89%
Magic:  5/6        EV: 12    Int: 16    God:
Gold:   39         SH:  0    Dex: 10    Spells: 6/7 levels left

rFire    . . .     SeeInvis .   k - +0 whip (venom)
rCold    . . .     Faith    .   (no shield)
rNeg     + . .     Spirit   .   a - +0 robe
rPois    ∞         Reflect  .   i - +2 hat
rElec    +         Harm     .   (no cloak)
rCorr    .         Rampage  .   (no gloves)
Will     .....                  (no boots)
Stlth    ++........             (no amulet)
HPRegen  0.06/turn              (no ring)
MPRegen  0.10/turn              (no ring)

@: no status effects
A: negative energy resistance 1, electricity resistance, unbreathing,
petrification resistance, miasma immunity, AC +3
a: no special abilities


You were on level 1 of the Dungeon.
You visited 1 branch of the dungeon, and saw 2 of its levels.

You collected 39 gold pieces.

Inventory:

Hand Weapons
 k - a +0 whip of venom (weapon)
Armour
 a - a +0 robe (worn)
 i - a +2 hat (worn)
Scrolls
 g - a scroll of remove curse {unknown}
 h - a scroll of identify {unknown}
 j - a scroll of fear {unknown}
Potions
 b - a potion of brilliance {unknown}
 d - a potion of invisibility {unknown}
 e - a potion of curing {unknown}
 f - a potion of mutation {unknown}


   Skills:
 - Level 1.5 Dodging
 - Level 2.1 Stealth
 + Level 2.5 Spellcasting
 + Level 2.1 Conjurations
 * Level 3.9 Fire Magic


You had 6 spell levels left.
You knew the following spells:

 Your Spells              Type           Power        Failure   Level
a - Foxfire               Conj/Fire      44%          5%          1

Your spell library contained the following spells:

 Spells                   Type           Power        Failure   Level
 Conjure Flame            Conj/Fire      11%          17%         3
 Inner Flame              Hex/Fire       8%           26%         3
 Sticky Flame             Conj/Fire      11%          50%         4
 Fireball                 Conj/Fire      5%           83%         5


Dungeon Overview and Level Annotations

Branches:
Dungeon (2/15)

Altars:
Cheibriados


Innate Abilities, Weirdness & Mutations

You are resistant to torment.
Your stone body is resilient. (AC +3)
You are immune to poison.
You resist negative energy. (rN+)
You are resistant to electric shocks. (rElec)
You can survive without breathing.
You are immune to petrification.
You are immune to miasma.


Message History

The goblin closely misses you.
You take 3 damage, and have 4/19 hp.
You now have 5/6 mp.
You miss the bat.
The bat is severely wounded.
The bat closely misses you. The bat completely misses you.
The frilled lizard bites you.
* * * LOW HITPOINT WARNING * * *
The goblin closely misses you.
You take 1 damage, and have 3/19 hp.
You barely miss the goblin.
The goblin is severely wounded.
The goblin looks more healthy.
The bat hits you but does no damage. x2
The frilled lizard closely misses you. The goblin hits you with a +0 dagger.
* * * LOW HITPOINT WARNING * * *
You take 1 damage, and have 2/19 hp.
You closely miss the goblin.
The goblin is severely wounded.
The bat closely misses you. The bat hits you but does no damage.
The frilled lizard bites you.
You die...

#.# #..# #.. #.#
#..# ##.. #.# #..#
##..# #.#
#.)#########...# #.#
#............#.†
#.####.#########...#
#......# #####
#.l#######
#.b@v....#
##g#####.###########
#.# #.#........(..
#.# ##.###########
#.# ### ## #.# #.
#.# #. #.##### #.
#.....############.


You could see a goblin, a bat and a frilled lizard.

Vanquished Creatures
  2 adders
  A dart slug (D:1)
  A leopard gecko (D:1)
  3 giant cockroaches (D:1)
  3 goblins (D:1)
  5 hobgoblins (D:1)
  3 bats (D:1)
  2 frilled lizards (D:1)
  8 kobolds (D:1)
  2 rats (D:1)
30 creatures vanquished.

Vanquished Creatures (others)
  80 foxfires (D:1)
80 creatures vanquished.

Grand Total: 110 creatures vanquished

Notes
Turn   | Place    | Note
-------+----------+-------------------------------------------
     0 | D:1      | kaeus the Gargoyle Fire Elementalist began the quest for
                  | the Orb.
     0 | D:1      | Reached XP level 1. HP: 10/10 MP: 3/3
   297 | D:1      | Found a snail-covered altar of Cheibriados.
   479 | D:1      | Reached XP level 2. HP: 15/15 MP: 1/5
  1130 | D:1      | Reached XP level 3. HP: 19/19 MP: 6/6
  1773 | D:1      | Slain by a frilled lizard

Illustrated notes

Levels and vault maps discovered:
D:1:      arrival_zaba_pyramid, layout_loops_ring, cheibriados_altar_1
D:2:      layout_loops_ring, hangedman_ru_absence, nzn_wu_jian_contemplation

Skill      XL: |  1  2  3 |
---------------+----------+-----
Conjurations   | 2 |  2.1
Dodging        | |  1.5
Stealth        | |  2.1
Spellcasting   | |  2.5
Fire Magic     | |  3.9

Action                   || total
-------------------------++-------
Melee: Dagger            ||    26
       Whip              ||    15
 Cast: Foxfire           ||    66
Armor: Robe              ||    21
Dodge: Dodged            ||    46
